[Event "Team 45 45 League T30"]
[Site "Internet Chess Club"]
[Date "2006.04.28"]
[Round "6"]
[White "PLB43"]
[Black "curtintime"]
[Result "1/2-1/2"]
[WhiteElo "1375"]
[BlackElo "1353"]
[TimeControl "2700+45"]

1. e4 e5 2. f4 d6 3. Nf3 Nc6 4. c3 Bg4 5. Bb5 Bxf3 6. Qxf3 Nf6 7. O-O Be7 8. d4
exd4 9. cxd4 O-O 10. Be3 a6 11. Ba4 b5 12. Bc2 Nb4 13. Bd1 c5 14. Na3 Qc7 15.
Bd2 Nc6 16. d5 Nd4 17. Qe3 Rfe8 18. e5 Bd8 19. Re1 Nxd5 20. Qg3 Nf5 21. Qd3 Nde7
22. exd6 Qxd6 23. Qc2 Bb6 24. Kh1 Nd4 25. Qd3 Ng6 26. f5 Rxe1+ 27. Bxe1 Nxf5 28.
Qxf5 Re8 29. Bh5 c4 30. Bc3 b4 31. Nxc4 Qc6 32. Nxb6 bxc3 33. Qf2 Rb8 34. Qe3
cxb2 35. Rb1 Rxb6 36. Bf3 Qc2 37. Be4 Re6 38. Bxg6 Rxe3 39. Bxc2 Re2 40. Bd3 Rd2
41. Be4 g6 42. g4 h5 43. g5 Kf8 44. Kg1 Ke7 45. Bg2 Rc2 46. Bf1 Ke6 47. Re1+ Kd6
48. Rd1+ Kc5 49. Rb1 Kb4 50. h3 Ka3 51. Rxb2 Rxb2 52. Bxa6 Rb6 53. Bc4 f6 54.
gxf6 Rxf6 55. Kg2 g5 56. Be2 h4 57. Bc4 Rf4 58. Be6 Re4 59. Bf7 Re2+ 60. Kf3 Re7
61. Bd5 Kb4 62. Bg8 Kc5 63. Kg4 Rg7 64. Bb3 Kd6 65. a4 Ke5 66. Bc4 Kf6 67. a5
Ra7 68. a6 Ra8 69. Bb5 {Game drawn by mutual agreement} 1/2-1/2  aics%

[Event "Team 45 45 League T30"]
[Site "Internet Chess Club"]
[Date "2006.05.02"]
[Round "6"]
[White "pk4"]
[Black "nodakindy"]
[Result "0-1"]
[WhiteElo "1273"]
[BlackElo "1273"]
[TimeControl "2700+45"]

1. d4 d5 2. Nf3 Nf6 3. e3 Bf5 4. c4 e6 5. Nbd2 Be7 6. Nh4 Be4 7. Nxe4 Nxe4 8.
Nf3 O-O 9. c5 c6 10. Bd3 Nd7 11. b4 Ndf6 12. Ne5 Nd7 13. Nxd7 Qxd7 14. Qc2 f5
15. a4 Qc7 16. f3 Bh4+ 17. Ke2 Nf2 18. Rf1 Nxd3 19. Kxd3 Qxh2 20. Bb2 f4 21. Rh1
Qg3 22. Rh3 Qg6+ 23. Kd2 Qxc2+ 24. Kxc2 Bg5 25. Rah1 fxe3 26. Rxh7 Bh6 27. R7xh6
gxh6 28. Rxh6 Kg7 29. Rxe6 Rae8 30. Rxe8 Rxe8 31. Kd1 e2+ 32. Ke1 {White
resigns} 0-1  aics%

[Event "Team 45 45 League T30"]
[Site "Internet Chess Club"]
[Date "2006.04.30"]
[Round "6"]
[White "BooRadley"]
[Black "BrerRabbit"]
[Result "0-1"]
[WhiteElo "1278"]
[BlackElo "1525"]
[TimeControl "2700+45"]

1. e4 c5 2. Nf3 e6 3. d4 cxd4 4. Nxd4 Nc6 5. Nc3 d6 6. Be3 Nf6 7. Nxc6 bxc6 8.
Bd3 Qc7 9. O-O d5 10. Qf3 Be7 11. Rfe1 O-O 12. exd5 cxd5 13. Bf4 Qb7 14. Nb5 Bd7
15. Nd6 Qb6 16. Nf5 Bc5 17. Ne3 Bb5 18. Be5 Nd7 19. Bf4 Bxd3 20. cxd3 Rfc8 21.
Qg3 Nf6 22. Be5 Bd4 23. Bxf6 Bxf6 24. Ng4 Bd4 25. Rab1 Kh8 26. Kh1 Rc2 27. Qh4
Re8 28. f4 Rxb2 29. Rbd1 Bf2 30. Nxf2 Qxf2 31. Qxf2 Rxf2 32. Rb1 Rxf4 33. Rb7 a5
34. h3 Rc8 35. Kh2 Kg8 36. Rc1 Ra8 37. Rcc7 g6 38. Ra7 Rxa7 39. Rxa7 Ra4 40. g4
Rxa2+ 41. Kg3 Rd2 42. Kf4 Rxd3 43. Kg5 Kg7 44. Kf4 Rxh3 45. Rxa5 Kf6 46. g5+ Ke7
47. Ke5 Rf3 48. Ra7+ Kf8 49. Kd6 Rf5 50. Ra8+ Kg7 51. Ke7 Rxg5 52. Rd8 h5 {White
resigns} 0-1  aics%

[Event "Team 45 45 League T30"]
[Site "Internet Chess Club"]
[Date "2006.05.01"]
[Round "6"]
[White "t-hobbes"]
[Black "JimGaming"]
[Result "0-1"]
[WhiteElo "1243"]
[BlackElo "1257"]
[TimeControl "2700+45"]

1. e4 e5 2. Nf3 Nc6 3. Bc4 Bc5 4. d3 Nf6 5. Bg5 O-O 6. O-O d6 7. Nc3 h6 8. Bh4
g5 9. Bg3 Bg4 10. h3 Bh5 11. Nd5 Nd4 12. c3 Nxf3+ 13. gxf3 c6 14. Ne3 a6 15. Ng4
Kh7 16. d4 exd4 17. cxd4 Ba7 18. Qd3 Nxg4 19. fxg4 Bg6 20. d5 b5 21. Bb3 c5 22.
Bc2 f6 23. a3 c4 24. Qc3 Bc5 25. Kg2 Qb6 26. h4 Bd4 27. Qd2 Bxb2 28. Ra2 Be5 29.
h5 Be8 30. f4 Bd4 31. e5+ Kg7 32. e6 Be3 33. Qc3 Qd4 34. Qb4 Qxd5+ 35. Rf3 Bc6
36. Kf1 Qxf3+ 37. Ke1 Qxg3+ 38. Ke2 Qf3+ 39. Ke1 Qf2+ 40. Kd1 Bf3# {White
checkmated} 0-1  aics%

[Event "Team 45 45 League T30"]
[Site "Internet Chess Club"]
[Date "2006.04.30"]
[Round "6"]
[White "Hastings"]
[Black "Rubacchus"]
[Result "1-0"]
[WhiteElo "1256"]
[BlackElo "1296"]
[TimeControl "2700+45"]

1. e4 c5 2. Nc3 Nc6 3. f4 g6 4. Nf3 Bg7 5. Bc4 e6 6. a4 a5 7. O-O Nge7 8. d3 O-O
9. Nb5 d5 10. Ba2 dxe4 11. dxe4 Qxd1 12. Rxd1 Nb4 13. Bb3 Nxc2 14. Bxc2 b6 15.
Rb1 Nc6 16. Nd6 Rd8 17. Nxc8 Raxc8 18. Rxd8+ Rxd8 19. Be3 Nb4 20. Rd1 Rc8 21.
Bb3 Bxb2 22. Rd6 c4 23. Bxc4 Rxc4 24. Bd4 Bxd4+ 25. Rxd4 Rxd4 26. Nxd4 Nd3 27.
g3 Nc5 28. e5 Nxa4 29. Kf2 Nc3 30. Ke3 b5 31. Kd3 b4 32. Nc6 f6 33. Nxa5 Nd5 34.
Kd4 Kf7 35. Nb3 h5 36. Ke4 Nc3+ 37. Kd3 fxe5 38. fxe5 g5 39. Nd4 Kg6 40. Nxe6
Kf5 41. Ng7+ Kxe5 42. Nxh5 Kf5 43. h3 g4 44. h4 Kg6 45. Nf4+ Kf5 46. Kc4 Ne4 47.
Ne2 Nc3 48. Nxc3 bxc3 49. Kxc3 Kg6 50. Kd4 Kf5 51. Kd3 Kg6 52. Ke4 Kh6 53. Kf4
Kh5 54. Kf5 Kh6 55. Kxg4 Kg6 56. Kf4 Kf6 57. h5 Kg7 58. Kf5 Kh7 59. g4 Kh6 60.
Kf6 Kh7 61. g5 Kh8 62. Kf7 Kh7 63. g6+ Kh6 64. g7 Kxh5 65. g8=Q {Black resigns}
1-0  aics%

[Event "Team 45 45 League T30"]
[Site "Internet Chess Club"]
[Date "2006.04.29"]
[Round "6"]
[White "AtomicDog"]
[Black "Cataclysm"]
[Result "1-0"]
[WhiteElo "1228"]
[BlackElo "1114"]
[TimeControl "2700+45"]

1. d4 Nf6 2. c4 e5 3. dxe5 Ne4 4. Nc3 Bb4 5. Qb3 Qe7 6. Nf3 h6 7. Bf4 Nc6 8. g3
O-O 9. Bg2 d6 10. exd6 cxd6 11. O-O Bg4 12. Nd5 Qd7 13. Nxb4 Nxb4 14. Qxb4 b6
15. Rfd1 a5 16. Qxb6 Rfb8 17. Qd4 Qe6 18. h3 Bf5 19. Nh4 Rd8 20. Nxf5 Qxf5 21.
Bxe4 Qxh3 22. Rd3 Rab8 23. g4 Qxg4+ 24. Rg3 Qxg3+ 25. Bxg3 Rb4 26. Bxd6 Rb6 27.
c5 Rb4 28. Qe5 a4 29. Qf5 g6 30. Qd5 Re8 31. f3 Kg7 32. c6 Rxb2 33. Be5+ {Black
resigns} 1-0  aics%  MaX40(71): se puede cambiar? aics%

[Event "Team 45 45 League T30"]
[Site "Internet Chess Club"]
[Date "2006.04.29"]
[Round "6"]
[White "martineden"]
[Black "MoluscoGrotesco"]
[Result "1-0"]
[WhiteElo "1909"]
[BlackElo "1875"]
[TimeControl "2700+45"]

1. d4 e6 2. c4 d6 3. Nf3 Nd7 4. Nc3 g6 5. e4 Bg7 6. Be2 Ne7 7. Bg5 O-O 8. O-O f6
9. Be3 b6 10. d5 e5 11. b4 f5 12. Ng5 Nf6 13. f3 f4 14. Bf2 h6 15. Nh3 Bxh3 16.
gxh3 Qd7 17. Kg2 a6 18. c5 bxc5 19. bxc5 Rfb8 20. Rb1 Qc8 21. Rxb8 Qxb8 22. Qb1
Qc8 23. Qd3 Nh7 24. Rb1 Ng5 25. h4 Nf7 26. Na4 g5 27. cxd6 Nxd6 28. hxg5 hxg5
29. Nc5 a5 30. Rc1 Ne8 31. Ne6 Qd7 32. Qb5 Qxb5 33. Bxb5 Nd6 34. Rxc7 Bf6 35.
Bd3 Rc8 36. Rd7 Nf7 37. Bc5 Ng6 38. d6 Nh4+ 39. Kf2 Rb8 40. Ba3 Rc8 41. Rc7 Rb8
42. d7 Rb6 43. Bc4 Kh7 44. d8=Q Bxd8 45. Nxd8 Kg8 46. Bxf7+ {Black resigns} 1-0 
aics%

[Event "Team 45 45 League T30"]
[Site "Internet Chess Club"]
[Date "2006.05.01"]
[Round "6"]
[White "kamu"]
[Black "Kaseirovski"]
[Result "1/2-1/2"]
[WhiteElo "1643"]
[BlackElo "1673"]
[TimeControl "2700+45"]

1. d4 Nf6 2. c4 g6 3. g3 Bg7 4. Bg2 O-O 5. Nc3 Nc6 6. Nf3 e6 7. e4 d6 8. O-O e5
9. dxe5 dxe5 10. Qxd8 Rxd8 11. Bg5 Bg4 12. Nd5 {Game drawn by mutual agreement}
1/2-1/2  aics%  MaX40(71): jajajajja aics%

[Event "Team 45 45 League T30"]
[Site "Internet Chess Club"]
[Date "2006.04.30"]
[Round "6"]
[White "Mississippian"]
[Black "Fineas-Fogg"]
[Result "0-1"]
[WhiteElo "1389"]
[BlackElo "1459"]
[TimeControl "2700+45"]

1. e4 e6 2. d4 d5 3. Be3 dxe4 4. Nc3 Nf6 5. f3 Bb4 6. a3 Bxc3+ 7. bxc3 O-O 8.
Be2 Nbd7 9. Qd2 Re8 10. Nh3 h6 11. O-O b6 12. Nf2 Bb7 13. fxe4 Nxe4 14. Nxe4
Bxe4 15. Rf4 f5 16. Raf1 Qe7 17. g4 c5 18. Bf3 g5 19. Rxe4 fxe4 20. Bxe4 Rad8
21. h4 Ne5 22. hxg5 Nc4 23. Qd3 Nxe3 24. Qxe3 Qxg5 25. Qg3 cxd4 26. Qh3 Qe3+ 27.
Qxe3 dxe3 28. Re1 Re7 29. Rxe3 Rg7 30. Rg3 Rd1+ 31. Kf2 Ra1 32. c4 Rf7+ 33. Ke2
Raf1 34. Bf3 Ra1 35. Bg2 Rf4 36. g5 hxg5 37. Rxg5+ Kf7 38. Rg3 Rxc4 39. Rf3+ Ke7
40. Kd3 Ra4 41. Kc3 R1xa3+ 42. Kb2 Rxf3 43. Bxf3 Kd6 44. Kb3 Rf4 45. Bb7 e5 46.
Kc3 Kc5 47. Kd3 a5 48. Bc8 a4 49. Be6 a3 50. Ba2 Rd4+ 51. Ke3 Rb4 52. c3 Rb2 53.
Bf7 a2 54. Bxa2 Rxa2 {White resigns} 0-1  aics%

[Event "Team 45 45 League T30"]
[Site "Internet Chess Club"]
[Date "2006.04.28"]
[Round "6"]
[White "twinders"]
[Black "qs16"]
[Result "0-1"]
[WhiteElo "1669"]
[BlackElo "1801"]
[TimeControl "2700+45"]

1. d4 Nf6 2. c4 e6 3. Nc3 b6 4. Nf3 Bb7 5. Bg5 Be7 6. e3 d5 7. Bd3 Ne4 8. Bxe7
Qxe7 9. O-O O-O 10. cxd5 exd5 11. Qc2 f5 12. Ne5 Nd7 13. Nf3 c5 14. Bb5 cxd4 15.
Nxd4 Rac8 16. Qb3 Nxc3 17. bxc3 Nc5 18. Qb1 Qg5 19. Be2 Rce8 20. Bf3 Ne4 21.
Bxe4 fxe4 22. Qb3 Ba6 23. Rfd1 Bc4 24. Qa4 Re7 25. Rd2 Qh6 26. Rb1 Ref7 27. Rbb2
Qxe3 28. Qd1 Rf6 29. Ne6 Qxc3 30. Nxf8 Rxf8 31. h3 e3 32. fxe3 Rf1+ 33. Qxf1
Bxf1 34. Kxf1 Qxe3 35. Rbc2 h6 36. Rf2 Qd3+ 37. Kg1 d4 38. Rc7 Qe3 39. Kf1 Qd3+
40. Kg1 Qe3 41. Kf1 d3 42. Rff7 Qe2+ 43. Kg1 Qe1+ 44. Kh2 Qe5+ 45. Kg1 d2 46.
Rxg7+ Qxg7 47. Rc8+ Kh7 48. Rd8 Qa1+ {White resigns} 0-1  aics%

[Event "Team 45 45 League T30"]
[Site "Internet Chess Club"]
[Date "2006.04.28"]
[Round "6"]
[White "john-beebs"]
[Black "Aquaman"]
[Result "0-1"]
[WhiteElo "1485"]
[BlackElo "1596"]
[TimeControl "2700+45"]

1. e4 e5 2. Nf3 d5 3. Nc3 dxe4 4. Nxe4 Nc6 5. Bc4 Be7 6. d3 Nf6 7. Nfg5 O-O 8.
O-O Na5 9. Bb3 Nxb3 10. axb3 Bf5 11. Nxf6+ Bxf6 12. Ne4 Bxe4 13. dxe4 a6 14. Qf3
Qe7 15. c3 Rfd8 16. b4 c5 17. bxc5 Qxc5 18. b3 Qb5 19. c4 Qd7 20. Bb2 Qd3 21.
Qxd3 Rxd3 22. b4 Rb3 23. Ba3 Rd8 24. Rfb1 Rdd3 25. Rxb3 Rxb3 26. f3 Bg5 27. Kf1
f6 28. Ke2 Kf7 29. b5 axb5 30. cxb5 Rxb5 31. Kd3 Ke6 32. Kc4 Rb6 33. Bc5 Rc6 34.
Kb5 Kd7 35. Bb6 Rc2 36. Ra7 Rb2+ 37. Ka4 Rxb6 {White resigns} 0-1  aics%

[Event "Team 45 45 League T30"]
[Site "Internet Chess Club"]
[Date "2006.04.30"]
[Round "6"]
[White "Kingsindanger"]
[Black "charles-allen"]
[Result "0-1"]
[WhiteElo "1393"]
[BlackElo "1577"]
[TimeControl "2700+45"]

1. Nf3 d5 2. e4 dxe4 3. Ng5 Nf6 4. Bc4 e6 5. Qe2 Nc6 6. Nxe4 Be7 7. Nbc3 O-O 8.
O-O Nd4 9. Nxf6+ Bxf6 10. Qe4 e5 11. Bd3 Bf5 12. Qxb7 Bxd3 13. cxd3 c6 14. Qa6
Qd7 15. b3 Nc2 16. Rb1 Nb4 17. Qc4 Nxd3 18. Rd1 Bh4 19. g3 Be7 20. Ne4 Kh8 21.
Bb2 f5 22. Nc3 f4 23. Ne4 fxg3 24. fxg3 Nxb2 25. Rxb2 a5 26. Rc2 Rac8 27. Nc5
Bxc5+ 28. Qxc5 Rf5 29. Qxa5 Qd4+ 30. Kh1 Qe4+ 31. Kg1 Qxc2 32. Rf1 Rxf1+ 33.
Kxf1 Rf8+ 34. Ke2 Qe4+ {White resigns} 0-1  aics%

[Event "Team 45 45 League T30"]
[Site "Internet Chess Club"]
[Date "2006.04.29"]
[Round "6"]
[White "BraafPaard"]
[Black "PawnSensei"]
[Result "1-0"]
[WhiteElo "1517"]
[BlackElo "1397"]
[TimeControl "2700+45"]

1. e4 e5 2. Bc4 Nf6 3. d4 Nxe4 4. dxe5 Nc5 5. Nf3 Be7 6. Bf4 O-O 7. Nc3 d6 8.
O-O Be6 9. Nd5 Nc6 10. a3 dxe5 11. Nxe5 Nxe5 12. Bxe5 Bd6 13. Re1 Re8 14. b4 Na4
15. Bb3 Bxe5 16. Rxe5 Bxd5 17. Rxe8+ Qxe8 18. Qxd5 c6 19. Bxa4 cxd5 20. Bxe8
Rxe8 21. Kf1 f5 22. Rd1 Rd8 23. c4 d4 24. Ke2 Kf7 25. Kd3 b6 26. Re1 Kf6 27. f4
Rd7 28. Re5 h6 29. c5 g5 30. g3 g4 31. c6 Rc7 32. b5 a6 33. a4 axb5 34. axb5 Ra7
35. Kxd4 Ra4+ 36. Kd5 Rb4 37. c7 Rxb5+ 38. Kd6 {Black resigns} 1-0  aics%

[Event "Team 45 45 League T30"]
[Site "Internet Chess Club"]
[Date "2006.04.29"]
[Round "6"]
[White "smitty120"]
[Black "parrot9"]
[Result "1-0"]
[WhiteElo "1677"]
[BlackElo "1765"]
[TimeControl "2700+45"]

1. e4 c5 2. Nf3 d6 3. d4 cxd4 4. Nxd4 Nf6 5. Nc3 a6 6. Be3 e6 7. f3 b5 8. a4 b4
9. Nb1 Bb7 10. Nd2 d5 11. exd5 Nxd5 12. Bf2 Be7 13. Bc4 Nd7 14. a5 O-O 15. O-O
N7f6 16. N4b3 Qc7 17. Bd3 Rfd8 18. Nc4 Nd7 19. Kh1 Ne5 20. Nb6 Rab8 21. Bg3 Bd6
22. Nxd5 Bxd5 23. Bxa6 Bxb3 24. cxb3 Ng6 25. Bxd6 Rxd6 26. Qe2 Rbd8 27. Rfc1 Qa7
28. Bb5 Rd2 29. Qe1 Qd4 30. a6 Nf4 31. Bf1 Qa7 32. Qxd2 Rxd2 33. Rc8+ {Black
resigns} 1-0  aics%

[Event "Team 45 45 League T30"]
[Site "Internet Chess Club"]
[Date "2006.05.07"]
[Round "6"]
[White "Mikey29a"]
[Black "BorgCollective"]
[Result "0-1"]
[WhiteElo "1666"]
[BlackElo "1818"]
[TimeControl "2700+45"]

1. e4 d5 2. exd5 Nf6 3. d4 Nxd5 4. c4 Nb6 5. b3 e5 6. Bb2 Bb4+ 7. Bc3 Bxc3+ 8.
Nxc3 exd4 9. Ne4 Qe7 10. Qe2 O-O 11. Nf3 Re8 12. Ng3 Qb4+ {White resigns} 0-1 
aics%

[Event "Team 45 45 League T30"]
[Site "Internet Chess Club"]
[Date "2006.05.01"]
[Round "6"]
[White "BartL"]
[Black "twintower"]
[Result "1-0"]
[WhiteElo "1634"]
[BlackElo "1516"]
[TimeControl "2700+45"]

1. e4 d5 2. exd5 Qxd5 3. Nc3 Qd6 4. d4 Nf6 5. Nf3 a6 6. Bd3 b5 7. O-O Bb7 8. Be3
e6 9. Ng5 Be7 10. Nge4 Nxe4 11. Bxe4 c6 12. Qg4 Bf6 13. Bd3 Qe7 14. Ne4 Nd7 15.
Nxf6+ Nxf6 16. Qxg7 Rg8 17. Qh6 c5 18. f3 O-O-O 19. dxc5 Bxf3 20. Rxf3 Ng4 21.
Qf4 Rg7 22. h3 Nxe3 23. Qxe3 Rdg8 24. Rf2 Qh4 25. Qf3 Rg3 26. Qc6+ Kd8 27. Be4
Qxh3 28. Rd1+ {Black resigns} 1-0  aics%

[Event "Team 45 45 League T30"]
[Site "Internet Chess Club"]
[Date "2006.05.04"]
[Round "6"]
[White "Invicta-Knight"]
[Black "burgers"]
[Result "0-1"]
[WhiteElo "1518"]
[BlackElo "1633"]
[TimeControl "2700+45"]

1. e4 e5 2. f4 Nc6 3. Nf3 f5 4. exf5 e4 5. Ne5 Nf6 6. Bc4 d5 7. Bb5 Bd7 8. Nxd7
Qxd7 9. g4 Bc5 10. g5 Qxf5 11. d4 exd3 12. Bxd3 Ne4 13. Bxe4 Qxe4+ 14. Qe2 Qxe2+
15. Kxe2 Kf7 16. Nc3 Nd4+ 17. Kd3 c6 18. Be3 Nxc2 19. Bxc5 Nxa1 20. Rxa1 b6 21.
Bd6 h6 22. Re1 Rhe8 23. Rxe8 Rxe8 24. h4 hxg5 25. hxg5 Rh8 26. Kd4 Rh2 27. g6+
Kf6 28. Be5+ Kf5 29. Ke3 Rh3+ 30. Kd2 Kxg6 31. Ke1 Kf5 32. Kf1 g5 33. Kg2 Rd3
34. Kf2 gxf4 35. Bh8 Rh3 36. Bg7 Rh2+ 37. Kg1 Rxb2 38. Kf1 {White resigns} 0-1 
aics%

[Event "Team 45 45 League T30"]
[Site "Internet Chess Club"]
[Date "2006.05.02"]
[Round "6"]
[White "GoIrish"]
[Black "RingLord"]
[Result "0-1"]
[WhiteElo "1578"]
[BlackElo "1653"]
[TimeControl "2700+45"]

1. Nf3 d5 2. g3 Bf5 3. Bg2 Nf6 4. O-O e6 5. d3 Be7 6. Nbd2 O-O 7. Qe1 h6 8. e4
dxe4 9. dxe4 Bh7 10. e5 Nfd7 11. c3 Bd3 12. Nd4 c6 13. Ne2 Nxe5 14. Be4 Bxe4 15.
Nf4 Nf3+ 16. Nxf3 Bxf3 17. Be3 e5 18. Ne2 Qc8 {White resigns} 0-1  aics%

[Event "Team 45 45 League T30"]
[Site "Internet Chess Club"]
[Date "2006.04.28"]
[Round "6"]
[White "jacknor"]
[Black "fredd"]
[Result "0-1"]
[WhiteElo "1546"]
[BlackElo "1643"]
[TimeControl "2700+45"]

1. d4 Nf6 2. Nf3 d5 3. Bf4 e6 4. e3 Bd6 5. Ne5 Nc6 6. c4 Bb4+ 7. Nc3 Bxc3+ 8.
bxc3 O-O 9. Nxc6 bxc6 10. c5 Ne4 11. Qc2 f5 12. Be2 a5 13. f3 Nf6 14. O-O Ba6
15. Bxa6 Rxa6 16. Rab1 Nd7 17. e4 g5 18. Be5 Nxe5 19. dxe5 Qe7 20. exf5 Rxf5 21.
Qb3 Qxc5+ 22. Kh1 Rb6 23. Qc2 Rxe5 24. f4 Rxb1 25. Qxb1 Rf5 26. Qb8+ Rf8 27.
Qxc7 Qxc3 28. Qe7 Qf6 29. Qc5 gxf4 30. Qxc6 Qe5 31. Qc1 Qe3 32. Qd1 Rf7 33. Re1
Qf2 34. Rxe6 Qxa2 35. Re2 Qc4 36. Rc2 Qa6 37. h3 Qd6 38. Rc8+ Rf8 39. Rc4 Qe6
40. Rd4 Re8 41. Rxd5 Qe1+ 42. Qxe1 Rxe1+ 43. Kh2 Ra1 44. Rd4 a4 45. Rxf4 Ra2 46.
Kg3 a3 47. Ra4 Kg7 48. Kf3 Kg6 49. g3 h5 50. Ke3 Kf5 51. Kd3 Rg2 52. Kc4 Rxg3
53. Ra5+ Kg6 54. Ra6+ Kf7 55. Ra7+ Ke6 56. Ra6+ Kd7 57. Ra5 Rxh3 58. Kb4 Ke6 59.
Kc4 h4 60. Kd4 Kd6 61. Ke4 Kc6 62. Kf4 Kb6 63. Ra8 Kb5 64. Kg4 Rc3 65. Kxh4 Kb4
66. Rb8+ Ka4 67. Ra8+ Kb3 68. Rb8+ Ka2 69. Kg4 Rb3 70. Re8 Kb1 71. Kf4 a2 72.
Re1+ Kb2 73. Re2+ Ka3 {White resigns} 0-1  aics%  spaceibiza(71): xd aics%

[Event "Team 45 45 League T30"]
[Site "Internet Chess Club"]
[Date "2006.04.29"]
[Round "6"]
[White "Zyme"]
[Black "EyeAm"]
[Result "1-0"]
[WhiteElo "1463"]
[BlackElo "1274"]
[TimeControl "2700+45"]

1. d4 f5 2. Nc3 Nf6 3. Bg5 e6 4. e4 Be7 5. e5 Ne4 6. Bxe7 Qxe7 7. Nxe4 fxe4 8.
Qh5+ g6 9. Qe2 Qb4+ 10. c3 Qb6 11. g3 Nc6 12. O-O-O Qb3 {Black resigns} 1-0 
aics%

[Event "Team 45 45 League T30"]
[Site "Internet Chess Club"]
[Date "2006.04.27"]
[Round "6"]
[White "Boromir"]
[Black "gule"]
[Result "1-0"]
[WhiteElo "1909"]
[BlackElo "1889"]
[TimeControl "2700+45"]

1. d4 Nf6 2. c4 e5 3. dxe5 Ng4 4. Bf4 Bb4+ 5. Nd2 Nc6 6. Nf3 Qe7 7. e3 Ngxe5 8.
Nxe5 Nxe5 9. Be2 O-O 10. O-O Bxd2 11. Qxd2 d6 12. b4 Be6 13. c5 Rfd8 14. Qb2 Nc4
15. Qc3 Qf6 16. Qxf6 gxf6 17. Rfc1 Ne5 18. cxd6 cxd6 19. Rc7 Rab8 20. a3 Rdc8
21. Rac1 Kf8 22. Bh6+ Ke8 23. Bg7 Nd7 24. Rxc8+ {Black resigns} 1-0  aics%

[Event "Team 45 45 League T30"]
[Site "Internet Chess Club"]
[Date "2006.05.07"]
[Round "6"]
[White "Budzo"]
[Black "JohnnySP"]
[Result "0-1"]
[WhiteElo "1755"]
[BlackElo "1769"]
[TimeControl "2700+45"]

1. Nf3 d5 2. d4 Nf6 3. c4 g6 4. Nc3 Bg7 5. e3 O-O 6. Bd3 c5 7. O-O Nc6 8. a3
dxc4 9. Bxc4 Na5 10. Be2 c4 11. Nd2 Be6 12. Qc2 a6 13. Bf3 Rb8 14. Na4 Bg4 15.
Bxg4 Nxg4 16. b3 Rc8 17. bxc4 Nxc4 18. Nxc4 b5 19. Nc3 Rxc4 20. Qd2 Qc7 {White
resigns} 0-1  aics%

[Event "Team 45 45 League T30"]
[Site "Internet Chess Club"]
[Date "2006.05.01"]
[Round "6"]
[White "martineden"]
[Black "bonecore"]
[Result "1-0"]
[WhiteElo "1919"]
[BlackElo "1653"]
[TimeControl "2700+45"]

1. d4 e6 2. c4 d5 3. Nc3 Nf6 4. Nf3 b6 5. cxd5 exd5 6. Bf4 Bd6 7. Bxd6 Qxd6 8.
e3 c6 9. Bd3 Bg4 10. h3 Bh5 11. O-O Nbd7 12. Rc1 O-O 13. a3 a5 14. Qe2 a4 15.
Bc2 b5 16. Bb1 Rfe8 17. Bd3 Ne4 18. Nb1 Nb6 19. Qc2 Nc4 20. Bxe4 Rxe4 21. Ng5
Bg6 22. Nxe4 Bxe4 23. Qc3 Qg6 24. f3 Bd3 25. Rfe1 Re8 26. e4 dxe4 27. Qxd3 Nxb2
28. Rxe4 Rd8 29. Qe2 f5 30. Re6 {Black resigns} 1-0  aics%  CAPATROSIAN(71):
vaya tomato se ha liado en casa de mi hermano amigo!!!!! aics%

[Event "Team 45 45 League T30"]
[Site "Internet Chess Club"]
[Date "2006.05.03"]
[Round "6"]
[White "BorgCollective"]
[Black "pokerram"]
[Result "1-0"]
[WhiteElo "1790"]
[BlackElo "1725"]
[TimeControl "2700+45"]

1. f4 d5 2. Nf3 Nf6 3. e3 Bg4 4. Bb5+ c6 5. Be2 Nbd7 6. O-O Qc7 7. b3 Bxf3 8.
Rxf3 e5 9. Bb2 Bd6 10. fxe5 Nxe5 11. Rh3 O-O-O 12. d4 Ned7 13. c4 Kb8 14. Nc3
Bb4 15. Rc1 Bxc3 16. Rxc3 Ne4 17. Rc1 Ndf6 18. cxd5 Nxd5 19. Bd3 f5 20. Bxe4
fxe4 21. Qg4 Rde8 22. Ba3 Nf6 23. Qg3 Qxg3 24. Rxg3 Rhg8 25. Bd6+ Kc8 26. Rf1
Kd7 27. Be5 Ref8 28. Bxf6 gxf6 29. Rxg8 Rxg8 30. Rxf6 Ke7 31. Rf4 Rg5 32. Rxe4+
Kd6 33. Rf4 Ke6 34. g4 h5 35. h4 Rxg4+ 36. Rxg4 hxg4 37. e4 b6 38. Kf2 c5 39.
d5+ Ke5 40. h5 b5 41. h6 c4 42. h7 {Black resigns} 1-0  aics%

[Event "Team 45 45 League T30"]
[Site "Internet Chess Club"]
[Date "2006.05.02"]
[Round "6"]
[White "Gandalf"]
[Black "fledermaus"]
[Result "0-1"]
[WhiteElo "1781"]
[BlackElo "2080"]
[TimeControl "2700+45"]

1. b4 c6 2. Bb2 a5 3. a3 axb4 4. axb4 Rxa1 5. Bxa1 Qb6 6. c4 Qxb4 7. e4 d6 8.
Bc3 Qb6 9. d4 Qc7 10. f4 e5 11. dxe5 dxe5 12. Bxe5 Bb4+ 13. Nd2 Qb6 14. Bxb8
Qe3+ 15. Ne2 Nf6 16. Ba7 Qxa7 17. Qb1 Qa5 18. Qc2 O-O 19. Nc1 Nxe4 20. Nb3 Bxd2+
21. Qxd2 Qb6 22. Qd4 Qb4+ 23. Nd2 Re8 {White resigns} 0-1  aics%

[Event "Team 45 45 League T30"]
[Site "Internet Chess Club"]
[Date "2006.05.02"]
[Round "6"]
[White "Winclick"]
[Black "camembert"]
[Result "0-1"]
[WhiteElo "1721"]
[BlackElo "1936"]
[TimeControl "2700+45"]

1. e4 e5 2. Nf3 Nc6 3. Bc4 Bc5 4. c3 Nf6 5. d4 exd4 6. cxd4 Bb4+ 7. Bd2 Bxd2+ 8.
Nbxd2 d5 9. exd5 Nxd5 10. Qb3 Na5 11. Qa4+ Nc6 12. Bb5 Bd7 13. O-O O-O 14. a3 a6
15. Bxc6 Bxc6 16. Qc2 Nf4 17. Rfe1 Qf6 18. Re5 Rad8 19. Ng5 Qg6 20. Qxg6 Nxg6
21. Re3 Rxd4 22. Ngf3 Rdd8 23. Nc4 Rfe8 24. Nfe5 Nxe5 25. Nxe5 Bd5 26. Rae1 f6
27. Ng4 Rxe3 28. Nxe3 Bc6 29. Re2 Kf7 30. f4 Bb5 31. Rc2 Rd7 32. Kf2 Ke6 33. g3
b6 34. h4 c5 35. Kf3 Rd3 36. Ke4 Rd4+ 37. Kf3 Bc6+ 38. Kf2 Be4 39. Re2 Kd6 40.
h5 b5 41. h6 gxh6 42. Ng4 f5 43. Ne5 c4 44. Ke1 Kc5 45. Rh2 b4 46. axb4+ Kxb4
47. Rxh6 a5 48. Rb6+ Kc5 49. Ra6 Kb5 50. Ra7 Kb4 51. Rxh7 Kb3 52. Rc7 Bd5 53. g4
Rxf4 54. Nc6 Bxc6 55. Rxc6 fxg4 56. Rb6+ Kc2 57. Rb5 g3 58. Rg5 Kxb2 59. Rxg3
Rd4 60. Rg2+ Kb3 61. Rg5 a4 62. Rb5+ Kc2 63. Ra5 c3 {White resigns} 0-1  aics%

[Event "Team 45 45 League T30"]
[Site "Internet Chess Club"]
[Date "2006.05.01"]
[Round "6"]
[White "Stav"]
[Black "Sean"]
[Result "1-0"]
[WhiteElo "1748"]
[BlackElo "1628"]
[TimeControl "2700+45"]

1. d4 Nf6 2. c4 g6 3. Nc3 Bg7 4. e4 d6 5. Be2 O-O 6. Bg5 Na6 7. Nf3 h6 8. Be3
Ng4 9. Bd2 e5 10. d5 Nc5 11. h3 Nf6 12. Qc2 a6 13. b4 Ncd7 14. O-O Nh7 15. Qc1
h5 16. Bh6 Qe7 17. Qd2 f6 18. Be3 Rf7 19. Nh4 Ndf8 20. c5 f5 21. Nf3 f4 22. cxd6
cxd6 23. Bb6 Nd7 24. Bc7 b6 25. Rfc1 Bb7 26. Na4 b5 27. Nb6 Nxb6 28. Bxb6 Bc8
29. Rc7 Qf6 30. Rac1 Re7 31. Rxc8+ Rxc8 32. Rxc8+ Bf8 33. Bd8 Qf7 34. Bxe7 Qxe7
35. Qc3 Nf6 36. Bd3 Nh7 37. Qc7 Qf6 38. Qd8 Qg7 39. Qxd6 g5 40. Qe6+ Kh8 41.
Nxe5 f3 42. Nf7+ Kg8 43. Nxg5+ Kh8 44. Nxf3 Qa1+ 45. Bf1 Qg7 46. Nh4 Ng5 47.
Ng6+ Kh7 48. Nxf8+ Kh8 49. Qg6 Qxg6 50. Nxg6+ Kg7 51. Nf4 Nxe4 52. Nxh5+ Kf7 53.
f3 Nd6 54. Rc6 Ke7 55. Rxa6 Nf5 56. Bxb5 Nd6 57. Rxd6 Kxd6 58. Bc6 Kc7 59. a4
Kb6 60. f4 Kc7 61. g4 Kd6 62. Ng3 Ke7 63. h4 Kf6 64. f5 Ke7 65. g5 Kf7 66. h5
Ke7 67. Ne4 Kf7 68. f6 Kf8 69. g6 Kg8 70. h6 Kf8 71. a5 Kg8 72. b5 Kh8 73. a6
Kg8 74. b6 Kh8 75. d6 Kg8 76. a7 Kf8 77. b7 Kg8 78. a8=R# {Black checkmated} 1-0
 aics%